 Dungeon Sprint DCSS version 0.17-a0-1805-g6093636 (webtiles) character file.

1129 nuthulu the Protected (level 8, -2/87 HPs)
             Began as a Gargoyle Fighter on Sept 12, 2015.
             Was a Believer of Trog.
             Slain by a two-headed ogre
             ... wielding a +0 giant spiked club
              (11 damage)
             ... in the Dungeon (Sprint III: "The Ten Rune Challenge").
             The game lasted 00:03:40 (1776 turns).

nuthulu the Protected (Gargoyle Fighter)            Turns: 1776, Time: 00:03:40

Health: -2/87      AC: 16    Str: 25    XL:     8   Next: 35%
Magic:  8/8        EV:  7    Int:  9    God:    Trog [**....]
Gold:   24         SH: 12    Dex: 11    Spells: 0 memorised, 7 levels left

rFire  . . .     SeeInvis .     a - +0 flail
rCold  . . .     Clarity  .     h - +0 chain mail
rNeg   + . .     SustAt   .     c - +0 shield
rPois  ∞         Gourm    .     (no helmet)
rElec  +         Spirit   .     (no cloak)
rCorr  .         Warding  .     (no gloves)
rMut   .         NoTele   +     (no boots)
MR     ++...                    (no amulet)
Stlth  ..........               (no ring)
                                (no ring)

@: berserking, regenerating, very quick, very resistant to hostile enchantments,
extremely unstealthy
A: negative energy resistance 1, electricity resistance, unbreathing,
petrification resistance, rot immunity, AC +5
a: Burn Spellbooks, Berserk, Trog's Hand, Renounce Religion


You were in the Dungeon.
You worshipped Trog.
Trog was pleased with you.
You were not hungry.

You visited 1 branch You collected 24 gold pieces.

Inventory:

Hand weapons
 a - a +0 flail (weapon)
Armour
 b - a +0 scale mail
 c - a +0 shield (worn)
 h - a +0 chain mail (worn)
Magical devices
 j - a wand of random effects (30)
Scrolls
 k - a scroll of blinking
 m - 2 scrolls of identify
 n - a scroll of remove curse {unknown}
 p - a scroll of torment {unknown}
Potions
 d - a potion of berserk rage
 f - 3 potions of curing
 g - a potion of heal wounds
 i - 2 potions of magic
 q - 2 potions of cure mutation
Comestibles
 e - a bread ration
 o - a royal jelly


   Skills:
 + Level 10.3 Fighting
 + Level 9.2 Maces & Flails
 + Level 10.4 Armour
 + Level 10.3 Shields


You had 7 spell levels left.
You didn't know any spells.

Dungeon Overview and Level Annotations

Branches:
Dungeon (1/1)

Altars:
Cheibriados
Dithmenos
Elyvilon
Fedhas
Gozag
Kikubaaqudgha
Makhleb
Nemelex Xobeh
Okawaru
Qazlal
Ru
Sif Muna
Trog
Vehumet
Xom
Yredelemnul
Zin
The Shining One
Jiyva
Lugonu


Innate Abilities, Weirdness & Mutations

You are resistant to torment.
Your stone body is resilient (AC +5).
You are immune to poison.
You resist negative energy.
You are resistant to electric shocks.
You can survive without breathing.
You are immune to petrification.
You are immune to rotting.


Message History

A red film seems to cover your vision as you go berserk!
You feel yourself moving faster!
You feel mighty!
You feel somewhat more hungry.
You feel a strong urge to attack something.
You block the two-headed ogre's attack.
The two-headed ogre hits you with a giant club.
* * * LOW HITPOINT WARNING * * *
There is an open door here.
You hit the two-headed ogre.
The two-headed ogre is heavily wounded.
The two-headed ogre hits you with a giant spiked club!
* * * LOW HITPOINT WARNING * * *
The two-headed ogre hits you with a giant club!
* * * LOW HITPOINT WARNING * * *
Unknown command.
You bludgeon the two-headed ogre!!
You kill the two-headed ogre!
Trog accepts your kill.
The two-headed ogre hits you with a giant spiked club!
You die...

▓▓▓ ##.############
####..#___#__.#__#
#..#..#)..#...#._#
#..#..###+#'###)##
##+#..#..........#
###...+.⌠.......)#
###...#...######@#
##....#.⌠.#__#.O.# #
#.....#...#__#...# #O#
......#'###__#...## O.
#.....#...#__#...'##.#
##....#___#_.'...#...#
▓▓▓▓▓▓▓▓▓▓▓▓▓▓▓▓▓▓▓▓▓


You could see a two-headed ogre.

Vanquished Creatures
  A deep elf priest (D)
  A shadow (D)
  A spatial vortex (D)
  A necrophage (D)
  A two-headed ogre (D)
  A water elemental (D)
  A jelly (D)
  Jessica (D)
  A necromancer (D)
  3 humans (D)
  A kobold demonologist (D)
  An ooze (D)
  A phantom (D)
  2 rats (D)
17 creatures vanquished.

Vanquished Creatures (others)
  2 draconian scorchers (D)
  2 yaktaurs (D)
  A wizard (D)
  4 plants (D)
9 creatures vanquished.

Grand Total: 26 creatures vanquished

Notes
Turn   | Place    | Note
--------------------------------------------------------------
     0 | D        | nuthulu the Gargoyle Fighter began the quest for the Orb.
     0 | D        | Reached XP level 1. HP: 14/14 MP: 1/1
    60 | D        | Noticed Jessica
    64 | D        | Killed Jessica
    64 | D        | Reached skill level 4 in Fighting
    64 | D        | Reached XP level 2. HP: 18/20 MP: 2/2
    64 | D        | Reached XP level 3. HP: 21/24 MP: 3/3
   103 | D        | Killed a yaktaur
   111 | D        | Reached skill level 5 in Fighting
   111 | D        | Reached skill level 5 in Armour
   111 | D        | Reached skill level 5 in Shields
   148 | D        | Killed a white draconian scorcher
   162 | D        | Killed a white draconian scorcher
   375 | D        | Gained mutation: You occasionally shout uncontrollably at your foes. [potion of mutation]
   375 | D        | Gained mutation: You have a somewhat thin skeletal structure (Dex +2, Stealth). [potion of mutation]
   375 | D        | Gained mutation: Your mind is acute. (Int +2) [potion of mutation]
   376 | D        | Gained mutation: You can spit weak poison. [potion of mutation]
   376 | D        | Gained mutation: You tend to lose your temper in combat. [potion of mutation]
   376 | D        | Gained mutation: You can spit poison. [potion of mutation]
   377 | D        | Lost mutation: You can spit poison. [potion of cure mutation]
   377 | D        | Lost mutation: You can spit weak poison. [potion of cure mutation]
   377 | D        | Lost mutation: You tend to lose your temper in combat. [potion of cure mutation]
   377 | D        | Lost mutation: You occasionally shout uncontrollably at your foes. [potion of cure mutation]
   377 | D        | Lost mutation: Your mind is acute. (Int +2) [potion of cure mutation]
   377 | D        | Lost mutation: You have a somewhat thin skeletal structure (Dex +2, Stealth). [potion of cure mutation]
   385 | D        | Noticed a water elemental
   398 | D        | Killed a water elemental
   398 | D        | Reached skill level 6 in Fighting
   398 | D        | Reached skill level 5 in Maces & Flails
   398 | D        | Reached XP level 4. HP: 12/32 MP: 4/4
   398 | D        | Reached XP level 5. HP: 13/36 MP: 5/5
   609 | D        | Found a basalt altar of Yredelemnul.
   609 | D        | Found a snail-covered altar of Cheibriados.
   609 | D        | Found a blossoming altar of Fedhas.
   609 | D        | Noticed a necrophage
   609 | D        | Noticed a necromancer
   612 | D        | Killed a necrophage
   612 | D        | Reached skill level 7 in Fighting
   619 | D        | Killed a necromancer
   619 | D        | Reached XP level 6. HP: 23/44 MP: 6/6
   767 | D        | Found a radiant altar of Vehumet.
   767 | D        | Found a deep blue altar of Sif Muna.
   767 | D        | Found an ancient bone altar of Kikubaaqudgha.
   767 | D        | Noticed a wizard
   769 | D        | Noticed an ice devil
   782 | D        | Noticed an ice devil
   791 | D        | Noticed a chaos spawn
   796 | D        | Killed a wizard
  1046 | D        | Found a glowing silver altar of Zin.
  1046 | D        | Found a glowing golden altar of the Shining One.
  1046 | D        | Found a white marble altar of Elyvilon.
  1047 | D        | Noticed a deep elf priest
  1063 | D        | Killed a deep elf priest
  1063 | D        | Reached skill level 8 in Fighting
  1063 | D        | Reached XP level 7. HP: 23/50 MP: 7/7
  1241 | D        | Found an iron altar of Okawaru.
  1241 | D        | Found a bloodstained altar of Trog.
  1241 | D        | Noticed a human
  1243 | D        | Noticed a human
  1271 | D        | Killed a human
  1271 | D        | Reached skill level 9 in Fighting
  1280 | D        | Killed a human
  1376 | D        | Killed a yaktaur
  1421 | D        | Became a worshipper of Trog the Wrathful
  1431 | D        | Acquired Trog's first power
  1431 | D        | Acquired Trog's second power
  1475 | D        | Noticed a jelly
  1476 | D        | Noticed a shadow
  1486 | D        | Killed a shadow
  1486 | D        | Reached skill level 10 in Fighting
  1486 | D        | Reached skill level 10 in Armour
  1486 | D        | Reached skill level 10 in Shields
  1486 | D        | Reached XP level 8. HP: 30/57 MP: 8/8
  1491 | D        | Killed a jelly
  1719 | D        | Found a stormy altar of Qazlal.
  1719 | D        | Found a sacrificial altar of Ru.
  1719 | D        | Found a burning altar of Makhleb.
  1719 | D        | Found a shimmering altar of Xom.
  1719 | D        | Noticed a spatial vortex
  1720 | D        | Found a viscous altar of Jiyva.
  1720 | D        | Found a shadowy altar of Dithmenos.
  1720 | D        | Found a sparkling altar of Nemelex Xobeh.
  1720 | D        | Found a corrupted altar of Lugonu.
  1720 | D        | Found an opulent altar of Gozag.
  1741 | D        | Killed a spatial vortex
  1756 | D        | Noticed a two-headed ogre
  1756 | D        | Noticed a two-headed ogre
  1776 | D        | Killed a two-headed ogre
  1776 | D        | Slain by a two-headed ogre

Vault maps used:
D:        dungeon_sprint_mu

Action                   |  1- 3 |  4- 6 |  7- 9 || total
-------------------------+-------+-------+-------++-------
Melee: Flail             |    38 |    29 |    68 ||   135
Invok: Burn Spellbooks   |       |       |     1 ||     1
       Berserk           |       |       |     1 ||     1
       Trog's Hand       |       |       |     1 ||     1
  Use: Potion            |     6 |     1 |       ||     7
       Scroll            |     2 |     1 |       ||     3
  Eat: Chunk             |       |     1 |       ||     1
       Royal jelly       |       |       |     2 ||     2
